 Dungeon Crawl Stone Soup version 0.31-a0-152-g6aa68a64a1 (webtiles) character file.

Game seed: 2683164985854325595

139 Ijustatesigmund the Stinger (level 5, -1/33 HPs)
             Began as an Octopode Venom Mage on June 9, 2023.
             Slain by an orc wizard
             ... wielding a +0 dagger
              (4 damage)
             ... on level 3 of the Dungeon.
             The game lasted 00:05:15 (3567 turns).

Ijustatesigmund the Stinger (Octopode Venom Mage)   Turns: 3567, Time: 00:05:16

Health: -1/33      AC:  1    Str:  7    XL:     5   Next: 22%
Magic:  5/9        EV: 13    Int: 20    God:
Gold:   104        SH:  0    Dex: 12    Spells: 4/10 levels left

rFire   . . .        g - +2 short sword (venom)
rCold   . . .        (no shield)
rNeg    . . .        (helmet restricted)
rPois   .            (no amulet)
rElec   .            (no ring)
rCorr   .            (no ring)
SInv    .            (no ring)
Will    .....        (no ring)
Stlth   +++          (no ring)
HPRegen 0.25/turn    (no ring)
MPRegen 0.11/turn    (no ring)
                     (no ring)

%: no passive effects
@: hasted, very quick
A: almost no armour, amphibious, 8 rings, camouflage 1, gelatinous body 1,
(nimble swimmer 1), tentacles
a: no special abilities


You were on level 3 of the Dungeon.
You visited 1 branch of the dungeon, and saw 3 of its levels.

You collected 104 gold pieces.

Inventory:

Hand Weapons
 b - a +0 rapier
 g - a +2 short sword of venom (weapon)
Missiles
 h - 2 throwing nets
Jewellery
 k - a ring of protection from cold
Wands
 l - a wand of digging (7)
Scrolls
 f - a scroll of teleportation
 i - a scroll of identify
Potions
 a - a potion of magic
 c - a potion of lignification
 e - a potion of curing
 j - a potion of cancellation {unknown}


   Skills:
 - Level 1.1 Fighting
 - Level 2.0 Dodging
 - Level 2.6 Stealth
 + Level 3.0 Spellcasting
 + Level 1.6 Conjurations
 - Level 1.0 Transmutations
 + Level 1.9 Air Magic
 + Level 4.7 Poison Magic


You had 4 spell levels left.
You knew the following spells:

 Your Spells              Type           Power      Damage    Failure   Level
a - Sting                 Tmut/Pois      56%        1d5       4%          1
b - Poisonous Vapours     Pois/Air       32%        N/A       5%          2
c - Mephitic Cloud        Conj/Pois/Air  14%        N/A       14%         3

Your spell library contained the following spells:

 Spells                   Type           Power      Damage    Failure   Level
 Sandblast                Erth           6%         2d5       14%         1
 Olgreb's Toxic Radiance  Pois           22%        N/A       21%         4
 Call Canine Familiar     Summ           3%         N/A       38%         3
 Portal Projectile        Hex/Tloc       6%         N/A       38%         3
 Petrify                  Tmut/Erth      5%         N/A       75%         4
 Leda's Liquefaction      Hex/Erth       1%         N/A       80%         4
 Leda's Unmaking          Conj/Erth      3%         9d1       100%        6
 Dragon Form              Tmut           3%         N/A       100%        7
 Chain Lightning          Conj/Air       5%         3d6       100%        9
 Fire Storm               Conj/Fire      3%         8d1       100%        9
 Shatter                  Erth           1%         3d6*      100%        9


Dungeon Overview and Level Annotations

Branches:
Dungeon (3/15)

Altars:


Innate Abilities, Weirdness & Mutations

You cannot wear most types of armour.
You are amphibious.
You can wear up to eight rings at the same time.
Your skin changes colour to match your surroundings (Stealth+).
Your rubbery body absorbs attacks. (AC +1, EV +1)
((You are camouflaged when in or above water. (Stealth+)))
You have tentacles for arms and can constrict up to eight enemies at once.


Message History

You are too injured to fight recklessly!
You are too injured to fight recklessly!
You are too injured to fight recklessly!
You are too injured to fight recklessly!
You are too injured to fight recklessly!
You are too injured to fight recklessly!
You are too injured to fight recklessly!
You are too injured to fight recklessly!
You are too injured to fight recklessly!
You are too injured to fight recklessly!
You are too injured to fight recklessly!
The orc attacks as you move away! The orc misses you.
You kill the orc!
Your Spellcasting skill increases to level 3!
You closely miss something. Something hits you.
You closely miss something. Something completely misses you.
You hit something. Something barely misses you.
You hit something. You squeeze something. Something hits you.
* * * LOW HITPOINT WARNING * * *
You feel better. Something hits you.
You hit something. Your squeeze misses something.
You hear some strange, mumbled words.
A magic dart appears from out of thin air!
The magic dart hits you.
* * * LOW HITPOINT WARNING * * *
You closely miss something. Your squeeze misses something.
You hear some strange, mumbled words.
A magic dart appears from out of thin air!
The magic dart hits you!
* * * LOW HITPOINT WARNING * * *
You feel better.
You hear some strange, mumbled words.
Something tries to affect you, but you resist.
You feel yourself speed up. Something hits you.
* * * LOW HITPOINT WARNING * * *
You miss something. You miss something. Your squeeze misses something.
Something hits you.
* * * LOW HITPOINT WARNING * * *
You miss something. Your squeeze misses something. Something hits you.
You die...

#.........###....##.##
+.........+...........
#...<.....####...#####
##..)....## ##..# #
##.....## ##.# #
##...## #.# # ##'##
#.# # #.# #.# #@# ..#
#{# ### #...)..#
..........#
####........#
#..........
#........## ..#.....##
#####...##


There were no monsters in sight!

Vanquished Creatures
  An orc priest (D:3)
  An orc wizard (D:2)
  2 adders
  A worm (D:3)
  A dart slug (D:1)
  An orc (D:3)
  4 ball pythons
  3 endoplasms
  6 giant cockroaches
  6 goblins
  9 hobgoblins
  5 kobolds
  4 quokkas
  3 bats (D:2)
  7 frilled lizards
  4 rats
58 creatures vanquished.

Notes
Turn   | Place    | Note
-------+----------+-------------------------------------------
     0 | D:1      | Ijustatesigmund the Octopode Venom Mage began the quest for
                  | the Orb.
     0 | D:1      | Reached XP level 1. HP: 11/11 MP: 3/3
   203 | D:1      | Reached XP level 2. HP: 14/18 MP: 1/5
   206 | D:1      | Learned a level 2 spell: Poisonous Vapours
   506 | D:1      | Reached skill level 1 in Fighting
   512 | D:1      | Reached skill level 4 in Poison Magic
   767 | D:1      | Reached XP level 3. HP: 21/23 MP: 1/6
   771 | D:1      | Learned a level 3 spell: Mephitic Cloud
  1790 | D:2      | Reached skill level 1 in Air Magic
  2068 | D:2      | Reached XP level 4. HP: 28/28 MP: 7/7
  2858 | D:3      | Reached skill level 1 in Conjurations
  2862 | D:3      | Got the Quarto of the Gritty Body
  3434 | D:3      | Reached XP level 5. HP: 19/33 MP: 7/9
  3562 | D:3      | HP: 1/33 [something/magic dart (8)]
  3567 | D:3      | Slain by an orc wizard

Illustrated notes

Levels and vault maps discovered:
D:1:      psy_arrival_basics, layout_loops_ring, chequers_serial_rivers_micro_c
D:2:      minmay_recursive_quarters, layout_basic, kennysheep_decorative_pillar
D:3:      layout_loops_corners, roderic_cross_of_infinity, serial_park_tiny_2,
          uniq_crazy_yiuf_cottage

Skill      XL: |  1  2  3  4  5 |
---------------+----------------+-----
Fighting       | 1 |  1.1
Poison Magic   | 4 |  4.7
Air Magic      | 1 |  1.9
Conjurations   | 1 |  1.6
Spellcasting   | 3 |  3.0
Dodging        | |  2.0
Stealth        | |  2.6
Transmutations | |  1.0

Action                     |  1- 3 |  4- 6 || total
---------------------------+-------+-------++-------
  Melee: Unarmed           |     9 |       ||     9
         Constrict         |    16 |     7 ||    23
         Tentacles         |    12 |     5 ||    17
         Short sword       |    28 |    31 ||    59
         Rapier            |    22 |     2 ||    24
         Punch             |       |     1 ||     1
   Cast: Sting             |    18 |     3 ||    21
         Poisonous Vapours |    17 |     4 ||    21
         Mephitic Cloud    |       |     2 ||     2
    Use: Scroll            |     4 |     1 ||     5
         Potion            |     1 |     3 ||     4
   Stab: Sleeping          |     1 |     5 ||     6
         Distracted        |       |     1 ||     1
 Armour: Skin              |     5 |     1 ||     6
  Dodge: Dodged            |    43 |    12 ||    55

Table legend: (Time is in decaauts)
 A = Elapsed time spent in this place.
 B = Non-inter-level travel time spent in this place.
 C = Inter-level travel time spent in this place.
 D = Time resting spent in this place.
 E = Time spent auto-exploring this place.
 F = Levels seen in this place.
 G = Mean time per level.
                   A        B        C        D        E       F      G
               +--------+--------+--------+--------+--------+-----+--------+
         Total |   3571 |   3482 |     89 |   1372 |   1699 |   3 | 1190.3 |
       Dungeon |   3571 |   3482 |     89 |   1372 |   1699 |   3 | 1190.3 |
               +--------+--------+--------+--------+--------+-----+--------+

Top non-repeatable levels by time:
     D:2: 1415 daAuts
     D:1: 1388 daAuts
     D:3: 767 daAuts
